 Dungeon Crawl Stone Soup version 0.31-a0-204-g7da18cac08 (webtiles) character file.

Game seed: 9451091249399594428

111669 mopl the Thaumaturge (level 16, -1/108 HPs)
             Began as an Octopode Hedge Wizard on June 26, 2023.
             Was a High Priest of Vehumet.
             Killed from afar by a deep elf zephyrmancer (7 damage)
             ... with a bolt of lightning
             ... summoned by an orange crystal statue
             ... on level 1 of the Elven Halls on June 27, 2023.
             The game lasted 01:16:27 (27631 turns).

mopl the Thaumaturge (Octopode Hedge Wizard)       Turns: 27631, Time: 01:16:27

Health: -1/108     AC: 14    Str: 11    XL:     16   Next: 58%
Magic:  7/51       EV: 21    Int: 28    God:    Vehumet [*****.]
Gold:   2603       SH:  0    Dex: 12    Spells: 0/41 levels left

rFire   . . .        b - staff of air
rCold   + + +        (no shield)
rNeg    . . .        r - +1 hat of Cidegust {rC++}
rPois   .            (no amulet)
rElec   +            V - ring "Bavvaff" {rElec rC+ EV+5}
rCorr   .            A - ring of willpower
SInv    .            z - +4 ring of protection
Will    ++...        F - ring of New Discoveries {rElec Int+6}
Stlth   +++          d - ring of magical power
HPRegen 0.38/turn    o - +4 ring of protection
MPRegen 0.32/turn    t - +4 ring of protection
                     s - ring of magical power

%: no passive effects
@: on blink cooldown
A: almost no armour, amphibious, 8 rings, camouflage 1, gelatinous body 1,
(nimble swimmer 1), tentacles
a: Renounce Religion


You were on level 1 of the Elven Halls.
You worshipped Vehumet.
Vehumet was extremely pleased with you.
You visited 5 branches of the dungeon, and saw 24 of its levels.
You visited 1 bazaar.
You also visited: Sewer, Bailey, Gauntlet and Ice Cave.

You collected 3183 gold pieces.
You spent 580 gold pieces at shops.

Inventory:

Hand Weapons
 a - a +2 dagger of venom
 W - the +3 flail "Neydurel" {venom, rPois rC+ rCorr}
   (You found it in an ice cave)

   rC:        It protects you from cold.
   rPois:     It protects you from poison.
   rCorr:     It protects you from acid and corrosion.
Missiles
 E - 72 poisoned darts
 L - 11 curare-tipped darts
 S - 3 throwing nets
Armour
 r - the +1 hat of Cidegust (worn) {rC++}
   (You acquired it on level 14 of the Dungeon)

   rC:        It greatly protects you from cold.
Magical Staves
 b - a staff of air (weapon)
Jewellery
 d - a ring of magical power (on tentacle)
 l - a ring of wizardry
 o - a +4 ring of protection (on tentacle)
 s - a ring of magical power (on tentacle)
 t - a +4 ring of protection (on tentacle)
 y - a ring of resist corrosion
 z - a +4 ring of protection (on tentacle)
 A - a ring of willpower (right tentacle)
 B - a ring of protection from fire
 D - a ring of flight
 F - the ring of New Discoveries (on tentacle) {rElec Int+6}
   (You found it in a Gauntlet)

   [ring of intelligence]

   Int:       It affects your intelligence (+6).
   rElec:     It insulates you from electricity.
 V - the ring "Bavvaff" (left tentacle) {rElec rC+ EV+5}
   (You found it in an ice cave)

   [ring of evasion]

   EV:        It affects your evasion (+5).
   rC:        It protects you from cold.
   rElec:     It insulates you from electricity.
Wands
 p - a wand of roots (19)
 x - a wand of digging (18)
 H - a wand of quicksilver (16)
 K - a wand of flame (61)
 Q - a wand of paralysis (29)
 R - a wand of polymorph (13)
 T - a wand of mindburst (20)
Scrolls
 f - 8 scrolls of teleportation
 h - 6 scrolls of poison
 k - 3 scrolls of summoning
 m - 8 scrolls of fear
 n - 2 scrolls of vulnerability
 u - a scroll of identify
 v - 4 scrolls of blinking
 w - 3 scrolls of enchant armour
 M - 3 scrolls of fog
 N - 3 scrolls of immolation
Potions
 c - a potion of magic
 e - a potion of ambrosia
 g - 6 potions of enlightenment
 j - 7 potions of curing
 q - a potion of attraction {unknown}
 C - 4 potions of heal wounds
 G - 3 potions of invisibility
 I - 5 potions of brilliance
 J - 4 potions of might
 U - 3 potions of resistance
 Z - a potion of haste
Miscellaneous
 i - a phantom mirror
 Y - a lightning rod (4/4)


   Skills:
 + Level 9.6 Fighting
 + Level 5.4 Staves
 + Level 8.4 Dodging
 - Level 2.6 Stealth
 * Level 13.2 Spellcasting
 + Level 12.8 Conjurations
 - Level 1.0 Summonings
 - Level 5.0 Necromancy
 - Level 3.0 Translocations
 - Level 5.0 Fire Magic
 + Level 12.3 Air Magic
 - Level 10.0 Poison Magic
 - Level 10.0 Evocations


You couldn't memorise any spells.
You knew the following spells:

 Your Spells              Type           Power      Damage    Failure   Level
a - Iskenderun's Battles  Conj           74%        2d12      1%          5
b - Arcjolt               Conj/Air       46%        1d56      1%          5
c - Mephitic Cloud        Conj/Pois/Air  90%        N/A       1%          3
d - Plasma Beam           Fire/Air       39%        2x1d53    3%          6
e - Blink                 Tloc           70%        N/A       1%          2
f - Airstrike             Air            46%        2d(7-23)  1%          4
i - Irradiate             Conj/Tmut      26%        3d20      1%          5
o - Olgreb's Toxic Radia  Pois           65%        N/A       1%          4
w - Sublimation of Blood  Necr           46%        N/A       1%          2
C - Freezing Cloud        Conj/Ice/Air   39%        6-21      1%          5

Your spell library contained the following spells:

 Spells                   Type           Power      Damage    Failure   Level
 Magic Dart               Conj           100%       1d8       0%          1
 Apportation              Tloc           70%        N/A       1%          1
 Foxfire                  Conj/Fire      100%       2x1d9     1%          1
 Freeze                   Ice            72%        1d8       1%          1
 Necrotise                Necr           100%       1d9       1%          1
 Summon Small Mammal      Summ           96%        N/A       1%          1
 Cigotuvi's Dreadful Rot  Necr/Pois/Air  100%       N/A       1%          2
 Lesser Beckoning         Tloc           70%        N/A       1%          2
 Static Discharge         Conj/Air       100%       2-7/arc   1%          2
 Dazzling Flash           Conj/Hex       100%       N/A       1%          3
 Hailstorm                Conj/Ice       53%        3d12      1%          3
 Vampiric Draining        Necr           46%        2d9       1%          3
 Vhi's Electric Charge    Tloc/Air       100%       N/A       1%          3
 Volatile Blastmotes      Fire/Tloc      80%        2d16      1%          3
 Flame Wave               Conj/Fire      62%        2d14      1%          4
 Iskenderun's Mystic Bla  Conj/Tloc      58%        2d12      1%          4
 Summon Lightning Spire   Summ/Air       70%        N/A       1%          4
 Fireball                 Conj/Fire      31%        3d13      1%          5
 Frozen Ramparts          Ice            36%        1d6       2%          3
 Slow                     Hex            72%        N/A       3%          1
 Call Imp                 Summ           48%        N/A       3%          2
 Dispel Undead            Necr           46%        3d18      3%          4
 Starburst                Conj/Fire      31%        6d9       3%          6
 Wereblood                Tmut           18%        N/A       4%          2
 Silence                  Hex/Air        34%        N/A       6%          5
 Confusing Touch          Hex            18%        N/A       9%          3
 Ozocubu's Armour         Ice            18%        N/A       9%          3
 Tukima's Dance           Hex            18%        N/A       9%          3
 Manifold Assault         Tloc           35%        N/A       9%          4
 Passage of Golubria      Tloc           35%        N/A       9%          4
 Leda's Unmaking          Conj/Erth      26%        9d5       9%          6
 Alistair's Intoxication  Tmut/Pois      30%        N/A       11%         5
 Eringya's Noxious Bog    Tmut/Pois      23%        N/A       16%         6
 Lee's Rapid Deconstruct  Erth           9%         3d7*      21%         5
 Yara's Violent Unravell  Hex/Tmut       9%         3d6       21%         5
 Leda's Liquefaction      Hex/Erth       9%         N/A       28%         4
 Borgnjor's Vile Clutch   Necr/Erth      16%        N/A       28%         5
 Maxwell's Capacitive Co  Air            46%        ∞         30%         8
 Death Channel            Necr           23%        N/A       50%         6
 Lehudib's Crystal Spear  Conj/Erth      26%        10d7      96%         8
 Statue Form              Tmut/Erth      12%        N/A       99%         6
 Ozocubu's Refrigeration  Ice            9%         4d9       99%         7
 Summon Hydra             Summ           12%        N/A       100%        7
 Dragon's Call            Summ           12%        N/A       100%        9
 Polar Vortex             Ice            9%         N/A       100%        9


Dungeon Overview and Level Annotations

Branches:
Dungeon (15/15)            Temple (1/1) D:6            Lair (5/5) D:8
 Shoals (0/4) Lair:3        Snake (0/4) Lair:3        Slime (0/5) Lair:4
    Orc (2/2) D:10            Elf (1/3) Orc:2        Vaults (0/5) D:13
 Depths (0/4) D:15          Sewer (visited)          Bailey (visited)
  IceCv (visited)         Gauntlet (visited)

Altars:
Ashenzari
Cheibriados
Dithmenos
Elyvilon
Fedhas
Gozag
Hepliaklqana
Kikubaaqudgha
Makhleb
Nemelex Xobeh
Okawaru
Qazlal
Ru
Sif Muna
Trog
Uskayaw
Vehumet
Wu Jian
Xom
Yredelemnul
Zin
The Shining One

Shops:
D:4 *   D:6 ?   D:7 (   Orc:2 ([:(

Annotations:
D:13 3 runed translucent doors, zurenarrh's ghost, journeyman MfGl
Lair:4 1 runed translucent door, Buethreca's ghost, journeyman TeAE
Elf:1 exclusion: orange crystal statue, Jorgrun


Innate Abilities, Weirdness & Mutations

You cannot wear most types of armour.
You are amphibious.
You can wear up to eight rings at the same time.
Your skin changes colour to match your surroundings (Stealth+).
Your rubbery body absorbs attacks. (AC +1, EV +1)
((You are camouflaged when in or above water. (Stealth+)))
You have tentacles for arms and can constrict up to eight enemies at once.


Message History

You hear a shout!
Found 12 gold pieces.
The deep elf zephyrmancer mumbles some strange words.
The deep elf zephyrmancer blinks!
There is an open door here.
The +0 battleaxe of electrocution hits you!
* * * LOW HITPOINT WARNING * * *
Casting: Plasma Beam (dangerous; 3% risk of failure)
Confirm with . or Enter, or press ? or * to list all spells.
You blink.
You hear some strange, mumbled words.
A shard of ice appears from out of thin air!
The shard of ice misses you.
You hear some strange, mumbled words.
A shard of ice appears from out of thin air!
The shard of ice hits you! You partially resist.
* * * LOW HITPOINT WARNING * * *
The deep elf zephyrmancer misses you.
You close the door.
The deep elf zephyrmancer hits you but does no damage.
You hit the deep elf zephyrmancer.
The deep elf zephyrmancer is electrocuted!
Your grab misses the deep elf zephyrmancer.
You squeeze the deep elf zephyrmancer, but do no damage.
The deep elf zephyrmancer is moderately wounded.
Something unseen opens the door.
You close the door.
You feel stable enough to blink again.
The deep elf zephyrmancer closely misses you.
Something unseen breaks down the door.
Casting: Blink (safe; 1% risk of failure)
Confirm with . or Enter, or press ? or * to list all spells.
You blink.
You hear a bow twang.
An arrow appears from out of thin air!
The arrow hits you but does no damage.
The deep elf zephyrmancer casts a spell at you.
The bolt of lightning hits you. You resist.
* * * LOW HITPOINT WARNING * * *
The bolt of lightning hits you! You resist.
You die...

.# ##### ### #.......# ##.
.####################.......####.
.##..e......+.......'.......'..'.
............#########.......####.
###.........# #.......# #.
##......e'## ##'#...### ##
##.....##.#######.##########*+
###'#####'#...#'## *#.!.#+* #.#
##..@..## ##...$.#* #.#
#.......#####...♣.,,* #.#
#....)e.'.(.'..♣8♣.,* *#+#
#......§#####...♣,,,* *,,***
##.....## ##.....#*
*,,,,***##.(.## **+#...##*
*,8,,,,* ##+## **,**#+## *
*,,,,*** *,* **,** *,* # *,,**+**
*,* **,*****+** #


You could see a deep elf zephyrmancer (summoned) and a +0 battleaxe of
electrocution (summoned).

Vanquished Creatures
  Saint Roka (Orc:1)
  Rupert (D:13)
  A frost giant (D:15)
  Azrael (D:15)
  Nessos (D:14)
  2 minotaurs
  Snorg (Lair:4)
  3 vault guards
  7 hydras
  An ogre mage (D:15)
  5 boulder beetles
  3 catoblepae (Lair:5)
  7 centaur warriors
  5 two-headed ogres
  5 tengu warriors
  2 orc high priests (Orc:2)
  15 death yaks
  A dancing weapon (Elf:1)
  A soul eater (Gauntlet)
  The ghost of caveywoolpert the Geomancer, a novice GrEE of Vehumet (D:7)
  5 skeletal warriors
  Lodul (D:14)
  A death drake (Gauntlet)
  A wizard (D:13)
  A deep elf archer (Elf:1)
  An obsidian statue (Elf:1)
  A wolf spider zombie (Gauntlet)
  2 necromancers (D:13)
  3 orc knights
  A spectral wolf spider (Gauntlet)
  2 deep elf pyromancers
  A deep elf zephyrmancer (D:8)
  3 orc sorcerers
  3 cyclopes
  13 ugly things
  3 manticores
  An oklob plant (Lair:3)
  4 black mambas
  A centaur zombie (Gauntlet)
  Maurice (D:12)
  26 elephants
  3 ice statues (IceCv)
  A gargoyle (D:14)
  Maggie (D:7)
  8 cane toads
  An efreet (D:15)
  A torpor snail (Lair:4)
  2 rime drakes (Lair:5)
  A freezing wraith (IceCv)
  A yaktaur (D:13)
  2 tengu conjurers
  A kobold demonologist (D:7)
  7 komodo dragons
  2 trolls
  4 polar bears
  9 dream sheep (Lair:4)
  Prince Ribbit (D:6)
  7 blink frogs
  A snapping turtle (Lair:3)
  A vampire (D:11)
  A water elemental (D:15)
  Sigmund (D:3)
  34 yaks
  5 shadows
  24 humans
  2 wraiths (D:14)
  2 fire elementals (D:15)
  3 basilisks
  3 wyverns
  8 vampire mosquitoes
  3 nagas (Lair:3)
  A harpy simulacrum (IceCv)
  4 wargs
  2 hydra simulacra (IceCv)
  2 acid dragons
  15 water moccasins
  4 hell hounds
  A sky beast (D:8)
  Pargi (Sewer)
  34 orc warriors
  3 black bears
  3 ice beasts
  6 wolves (Lair:3)
  15 centaurs
  20 ogres
  22 bullfrogs
  15 kobold brigands
  Blork the orc (D:6)
  A gnoll sergeant (D:9)
  4 scorpions
  A cane toad simulacrum (IceCv)
  12 wights
  9 killer bees
  2 electric eels
  17 orc priests
  Crazy Yiuf (D:6)
  4 hounds
  3 jellies
  A gnoll bouda (D:9)
  Terence (D:2)
  32 orc wizards
  3 sleepcaps
  Natasha (twice) (D:2)
  3 iguanas
  5 hell rats (Lair:5)
  2 polar bear simulacra (IceCv)
  3 wolf simulacra (IceCv)
  14 gnolls
  4 adders
  3 shadow imps
  2 white imps
  2 ufetubi
  2 dart slugs
  91 orcs
  4 ball pythons
  4 bats
  8 endoplasms
  3 giant cockroaches
  7 goblins
  10 hobgoblins
  2 jackals (Sewer)
  38 kobolds
  2 quokkas (D:4)
  A frilled lizard (D:1)
  4 rats
735 creatures vanquished.

Vanquished Creatures (others)
  A tengu conjurer (Gauntlet)
1 creature vanquished.

Grand Total: 736 creatures vanquished

Notes
Turn   | Place    | Note
-------+----------+-------------------------------------------
     0 | D:1      | mopl the Octopode Hedge Wizard began the quest for the Orb.
     0 | D:1      | Reached XP level 1. HP: 11/11 MP: 4/4
   303 | D:1      | Reached XP level 2. HP: 2/17 MP: 6/6
   377 | D:1      | Learned a level 2 spell: Blink
   657 | D:1      | Reached XP level 3. HP: 21/21 MP: 7/7
  1213 | D:2      | Noticed Natasha
  1220 | D:2      | Killed Natasha
  1221 | D:2      | Reached skill level 2 in Conjurations
  1221 | D:2      | Reached skill level 2 in Translocations
  1250 | D:2      | Reached XP level 4. HP: 27/27 MP: 4/9
  1311 | D:2      | Noticed Terence
  1325 | D:2      | Killed Terence
  1430 | D:2      | You fall into a shaft and drop 1 floor!
  1894 | D:3      | Noticed Sigmund
  1918 | D:3      | Killed Sigmund
  1919 | D:3      | Reached skill level 4 in Spellcasting
  1919 | D:3      | Reached skill level 3 in Conjurations
  1919 | D:3      | Reached skill level 3 in Translocations
  1919 | D:3      | Reached XP level 5. HP: 28/31 MP: 9/11
  1919 | D:3      | Reached XP level 6. HP: 32/36 MP: 9/12
  1924 | D:3      | Learned a level 3 spell: Mephitic Cloud
  2519 | D:2      | Noticed Natasha
  2523 | D:2      | Killed Natasha
  2864 | D:4      | Found Jolijufa's Assorted Antiques.
  2879 | D:4      | Reached skill level 5 in Spellcasting
  2879 | D:4      | Reached skill level 4 in Conjurations
  2983 | D:4      | Bought a scroll labelled OPSAWI IQIESYO for 28 gold pieces
  2983 | D:4      | Bought a scroll labelled UMNICSYCECK for 28 gold pieces
  2983 | D:4      | Bought a scroll labelled CYNUGA RIOTOR for 28 gold pieces
  2983 | D:4      | Bought a scroll labelled CUAFEZ INUTYPNA for 28 gold pieces
  3050 | D:4      | Learned a level 2 spell: Static Discharge
  3158 | D:4      | Found a white marble altar of Elyvilon.
  3174 | D:4      | Reached XP level 7. HP: 41/41 MP: 8/14
  3437 | D:4      | Reached skill level 1 in Air Magic
  3527 | D:5      | Entered Level 5 of the Dungeon
  3687 | D:5      | Reached skill level 2 in Air Magic
  4118 | D:5      | Got the Exposition on Accompaniment and Lightning
  4267 | D:5      | Reached skill level 5 in Conjurations
  4267 | D:5      | Reached XP level 8. HP: 32/46 MP: 16/16
  4500 | D:6      | Reached skill level 6 in Spellcasting
  4500 | D:6      | Reached skill level 3 in Air Magic
  4562 | D:6      | Found a shimmering blue altar of Sif Muna.
  4627 | D:6      | Found a glowing drain.
  4636 | Sewer    | Entered a sewer
  4669 | Sewer    | Noticed Pargi
  4685 | Sewer    | Killed Pargi
  4918 | D:6      | Learned a level 4 spell: Airstrike
  4928 | D:6      | Found a runed translucent door.
  4929 | D:6      | Noticed Crazy Yiuf
  4940 | D:6      | Killed Crazy Yiuf
  4941 | D:6      | Reached skill level 6 in Conjurations
  4941 | D:6      | Reached skill level 4 in Air Magic
  4997 | D:6      | Reached skill level 5 in Fighting
  4997 | D:6      | Reached skill level 8 in Spellcasting
  4997 | D:6      | Reached skill level 8 in Conjurations
  4997 | D:6      | Reached skill level 8 in Air Magic
  4997 | D:6      | Reached XP level 9. HP: 61/61 MP: 17/21
  5507 | D:6      | Found a staircase to the Ecumenical Temple.
  5518 | Temple   | Entered the Ecumenical Temple
  5528 | Temple   | Became a worshipper of Vehumet
  5542 | D:6      | Noticed Prince Ribbit
  5562 | D:6      | Killed Prince Ribbit
  5621 | D:6      | Found The Oracle's Delphic Readings.
  5630 | D:6      | Reached XP level 10. HP: 66/66 MP: 13/22
  5637 | D:6      | Bought a scroll of teleportation for 45 gold pieces
  5637 | D:6      | Bought a scroll of summoning for 142 gold pieces
  5637 | D:6      | Bought a scroll of identify for 30 gold pieces
  5696 | D:6      | Reached skill level 9 in Air Magic
  5747 | D:6      | Reached skill level 1 in Evocations
  5872 | D:6      | Noticed Blork the orc
  5876 | D:6      | Killed Blork the orc
  6146 | D:7      | Noticed a skeletal warrior
  6357 | D:6      | Killed a skeletal warrior
  6358 | D:6      | Reached skill level 2 in Evocations
  6548 | D:7      | Found Fytwyl's Weapon Emporium.
  6585 | D:7      | Learned a level 6 spell: Plasma Beam
  6593 | D:7      | Found a runed translucent gate.
  6593 | D:7      | Found a runed translucent gate.
  6593 | D:7      | Noticed caveywoolpert's ghost (novice GrEE)
  6594 | D:7      | Found a runed translucent gate.
  6594 | D:7      | Noticed a kobold demonologist
  6778 | D:7      | Noticed Maggie
  6791 | D:7      | Killed Maggie
  6812 | D:7      | Reached * piety under Vehumet
  6812 | D:7      | Offered knowledge of Freeze by Vehumet.
  7471 | D:6      | Bought a scroll of identify for 30 gold pieces
  7515 | D:8      | Noticed a deep elf zephyrmancer
  7584 | D:8      | Found a flagged portal.
  7597 | Bailey   | Entered a bailey
  7780 | Bailey   | Reached skill level 3 in Evocations
  7784 | Bailey   | Reached skill level 9 in Conjurations
  7796 | Bailey   | Reached skill level 1 in Fire Magic
  7802 | Bailey   | Noticed a cane toad
  7882 | Bailey   | Reached ** piety under Vehumet
  7882 | Bailey   | Offered knowledge of Shock by Vehumet.
  7885 | Bailey   | Noticed a vault guard
  7894 | Bailey   | Killed a vault guard
  7894 | Bailey   | Killed a cane toad
  7895 | Bailey   | Reached skill level 3 in Dodging
  7895 | Bailey   | Reached skill level 9 in Spellcasting
  7895 | Bailey   | Reached XP level 11. HP: 50/72 MP: 24/24
  7941 | Bailey   | Noticed a vault guard
  7946 | Bailey   | Killed a vault guard
  8047 | D:8      | Found a broken altar of Ashenzari.
  8112 | D:8      | Reached skill level 4 in Evocations
  8273 | D:8      | Found a staircase to the Lair.
  8581 | D:8      | Killed a deep elf zephyrmancer
  8582 | D:8      | Reached skill level 2 in Fire Magic
  8831 | D:9      | Noticed a two-headed ogre
  9067 | D:9      | Reached skill level 6 in Fighting
  9256 | D:9      | Reached skill level 10 in Air Magic
  9405 | D:9      | Offered knowledge of Hailstorm by Vehumet.
  9438 | D:9      | Killed a two-headed ogre
  9739 | D:9      | Noticed a two-headed ogre
  9754 | D:9      | Killed a two-headed ogre
  9755 | D:9      | Reached skill level 5 in Evocations
  9906 | D:10     | Entered Level 10 of the Dungeon
  9953 | D:10     | Reached *** piety under Vehumet
 10171 | D:10     | Noticed a two-headed ogre
 10174 | D:10     | Killed a two-headed ogre
 10269 | D:10     | Reached skill level 4 in Dodging
 10275 | D:10     | Reached XP level 12. HP: 79/79 MP: 23/25
 10289 | D:10     | Reached skill level 3 in Fire Magic
 10348 | D:10     | Found a staircase to the Orcish Mines.
 10633 | D:10     | Offered knowledge of Olgreb's Toxic Radiance by Vehumet.
 10636 | D:10     | Found a bloodstained altar of Trog.
 10710 | D:10     | Learned a level 4 spell: Olgreb's Toxic Radiance
 11164 | Orc:1    | Entered Level 1 of the Orcish Mines
 11178 | Orc:1    | Reached skill level 10 in Conjurations
 11187 | Orc:1    | Found a burning altar of Makhleb.
 11251 | Orc:1    | Reached **** piety under Vehumet
 11256 | Orc:1    | Reached skill level 1 in Poison Magic
 11421 | Orc:1    | Offered knowledge of Lee's Rapid Deconstruction by Vehumet.
 11671 | Orc:2    | Entered Level 2 of the Orcish Mines
 11678 | Orc:2    | Reached skill level 2 in Poison Magic
 11686 | Orc:2    | Reached skill level 6 in Evocations
 12046 | Orc:2    | Reached ***** piety under Vehumet
 12177 | Orc:2    | Offered knowledge of Iskenderun's Battlesphere by Vehumet.
 12179 | Orc:2    | Reached skill level 10 in Spellcasting
 12181 | Orc:2    | Found Vafeuxt's Antique Weapon Shoppe.
 12193 | Orc:2    | Learned a level 5 spell: Iskenderun's Battlesphere
 12394 | Orc:2    | Noticed an orc high priest
 12399 | Orc:2    | Noticed a soul eater
 12400 | Orc:2    | Killed an orc high priest
 12402 | Orc:2    | Found Giheiz's Book Boutique.
 12611 | Orc:2    | Reached skill level 3 in Poison Magic
 12643 | Orc:2    | Noticed an orc high priest
 12648 | Orc:2    | Killed an orc high priest
 13157 | Orc:2    | Found Viekhoa's Antique Weapon Shop.
 13159 | Orc:2    | Found Zeechuwn's Antique Armour Boutique.
 13235 | Orc:2    | Found a staircase to the Elven Halls.
 13518 | Orc:2    | Noticed Saint Roka
 13585 | Lair:1   | Entered Level 1 of the Lair of Beasts
 13716 | Lair:1   | Identified the +5 plate armour of Bije Urez {Int+3}
 13725 | Lair:1   | Reached skill level 4 in Fire Magic
 13907 | Lair:1   | Reached skill level 4 in Poison Magic
 14007 | Lair:1   | Reached skill level 7 in Fighting
 14093 | Lair:1   | Reached skill level 5 in Dodging
 14164 | Lair:1   | Reached skill level 7 in Evocations
 14164 | Lair:1   | Reached XP level 13. HP: 86/86 MP: 22/27
 14367 | Lair:1   | Upgraded the game from 0.31-a0-202-g547052bce9 to
                  | 0.31-a0-204-g7da18cac08
 14708 | Lair:2   | Offered knowledge of Arcjolt by Vehumet.
 14715 | Lair:2   | Learned a level 5 spell: Arcjolt
 15000 | Lair:2   | Got the Volume of the Crevasse and Fever
 15407 | Lair:3   | Reached skill level 5 in Poison Magic
 15517 | Lair:3   | Reached skill level 11 in Conjurations
 15530 | Lair:3   | HP: 4/86 [death yak (6)]
 15600 | Lair:3   | Found a runed translucent door.
 15657 | Lair:3   | Found a frozen archway.
 15666 | IceCv    | Entered an ice cave
 15888 | IceCv    | Reached skill level 8 in Evocations
 16172 | IceCv    | Reached skill level 6 in Poison Magic
 16452 | IceCv    | Identified the ring "Bavvaff" {rElec rC+ EV+5}
 16458 | IceCv    | Identified the +3 flail "Neydurel" {venom, rPois rC+ rCorr}
 16878 | Lair:3   | Reached skill level 5 in Fire Magic
 16895 | Lair:3   | Found a staircase to the Shoals.
 17065 | Lair:3   | Found a staircase to the Snake Pit.
 17205 | Lair:3   | Noticed a minotaur
 17209 | Lair:3   | Killed a minotaur
 17210 | Lair:3   | Reached skill level 11 in Spellcasting
 17446 | Lair:4   | Reached skill level 11 in Air Magic
 17478 | Lair:4   | Reached XP level 14. HP: 72/93 MP: 29/29
 17592 | Lair:4   | Reached skill level 6 in Dodging
 17754 | Lair:4   | Reached skill level 7 in Poison Magic
 17762 | Lair:4   | Noticed Snorg
 17777 | Lair:4   | Killed Snorg
 17915 | Lair:4   | Learned a level 2 spell: Sublimation of Blood
 17980 | Lair:4   | Found a runed translucent door.
 17980 | Lair:4   | Noticed Buethreca's ghost (journeyman TeAE)
 17981 | Lair:4   | Identified the +6 spear "Alyc" {drain, MP+9}
 18266 | Lair:4   | Found a staircase to the Slime Pits.
 18445 | Lair:5   | Entered Level 5 of the Lair of Beasts
 18455 | Lair:5   | Reached skill level 1 in Staves
 18455 | Lair:5   | Reached skill level 9 in Evocations
 18456 | Lair:5   | Reached skill level 1 in Necromancy
 18653 | Lair:5   | Reached skill level 8 in Fighting
 19159 | Lair:5   | Reached skill level 8 in Poison Magic
 19175 | Lair:5   | Reached skill level 2 in Staves
 19319 | Lair:5   | Offered knowledge of Orb of Destruction by Vehumet.
 19416 | Lair:5   | Reached skill level 2 in Necromancy
 19703 | Lair:5   | Reached XP level 15. HP: 99/99 MP: 21/30
 19922 | Lair:5   | Reached skill level 12 in Conjurations
 20031 | Lair:5   | Got Sif Muna's Almanac of the Compass
 20433 | D:11     | Reached skill level 10 in Evocations
 20683 | D:11     | Reached skill level 3 in Staves
 20683 | D:11     | Reached skill level 7 in Dodging
 20701 | D:11     | Reached skill level 9 in Poison Magic
 21174 | D:12     | Noticed Maurice
 21176 | D:12     | Killed Maurice
 21340 | D:12     | Found a gate leading to a gauntlet.
 21349 | Gauntlet | Entered a Gauntlet
 21349 | Gauntlet | Found a transporter.
 21358 | Gauntlet | Found a transporter.
 21359 | Gauntlet | Found a transporter.
 21380 | Gauntlet | Found a transporter.
 21394 | Gauntlet | Found a transporter.
 21396 | Gauntlet | Found a transporter.
 21402 | Gauntlet | Found a runed translucent gate.
 21402 | Gauntlet | Found a runed translucent gate.
 21405 | Gauntlet | Found a runed translucent gate.
 21405 | Gauntlet | Found a transporter.
 21421 | Gauntlet | Found a transporter.
 21430 | Gauntlet | Found a transporter.
 21434 | Gauntlet | Found a runed translucent door.
 21441 | Gauntlet | Found a transporter.
 21456 | Gauntlet | Found a transporter.
 21465 | Gauntlet | Found a transporter.
 21512 | Gauntlet | Reached skill level 3 in Necromancy
 21619 | Gauntlet | Reached skill level 12 in Spellcasting
 21621 | Gauntlet | Found a transporter.
 21691 | Gauntlet | Identified the ring of New Discoveries {rElec Int+6}
 21830 | Gauntlet | Identified the +8 arbalest of Blood {drain, rF+ Will+}
 22734 | D:13     | Noticed Rupert
 22742 | D:13     | Killed Rupert
 22812 | D:13     | Reached ****** piety under Vehumet
 23058 | D:13     | Found a gate to the Vaults.
 23109 | D:13     | Reached skill level 10 in Poison Magic
 23268 | D:13     | Noticed zurenarrh's ghost (journeyman MfGl)
 23310 | D:13     | Found a runed translucent gate.
 23310 | D:13     | Found a runed translucent gate.
 23310 | D:13     | Found a runed translucent gate.
 23322 | D:13     | Reached skill level 4 in Staves
 23328 | D:13     | Offered knowledge of Conjure Ball Lightning by Vehumet.
 23400 | D:13     | Reached skill level 9 in Fighting
 23428 | D:13     | Reached skill level 4 in Necromancy
 24090 | D:14     | Noticed Lodul
 24099 | D:14     | Noticed Nessos
 24099 | D:14     | Killed Lodul
 24288 | D:14     | Killed Nessos
 24466 | D:14     | Learned a level 5 spell: Freezing Cloud
 24505 | D:14     | Reached XP level 16. HP: 108/108 MP: 32/32
 24608 | D:14     | Identified a scroll of acquirement
 24609 | D:14     | Acquired the +1 hat of Cidegust {rC++}
 24843 | D:15     | Entered Level 15 of the Dungeon
 24897 | D:15     | Reached skill level 12 in Air Magic
 25396 | D:15     | Noticed Azrael
 25579 | D:15     | Reached skill level 8 in Dodging
 25579 | D:15     | Killed Azrael
 25787 | D:15     | Reached skill level 5 in Staves
 25918 | D:15     | Found a staircase to the Depths.
 25951 | D:15     | Reached skill level 13 in Spellcasting
 26144 | D:15     | Offered knowledge of Irradiate by Vehumet.
 26307 | D:15     | Learned a level 5 spell: Irradiate
 26538 | D:7      | Killed caveywoolpert's ghost
 26539 | D:7      | Reached skill level 5 in Necromancy
 26685 | Orc:1    | Killed Saint Roka
 26918 | Elf:1    | Entered Level 1 of the Elven Halls
 26926 | Elf:1    | Found a flickering gateway to a bazaar.
 26946 | Bazaar   | Entered a bazaar
 26946 | Bazaar   | Found Muaray's Antique Armour Shop.
 26971 | Bazaar   | Found Alaiclik's Antique Weapon Shop.
 26991 | Bazaar   | Found Nuibu's General Store.
 26999 | Bazaar   | Bought a potion of enlightenment for 65 gold pieces
 26999 | Bazaar   | Bought a wand of roots (5) for 156 gold pieces
 27273 | Elf:1    | Noticed Jorgrun
 27631 | Elf:1    | Killed from afar by a deep elf zephyrmancer

Illustrated notes

Levels and vault maps discovered:
D:1:      beargit_arrival_diablo_church, layout_basic, nicolae_grassy_gnolls
D:2:      layout_basic, kennysheep_nondescript, uniq_natasha, uniq_terence
D:3:      layout_basic, kennysheep_generic_room_4, uniq_sigmund
D:4:      layout_rooms, mainiacjoe_overflow_tiny_flanked, serial_shops, shop,
          serial_corexii_hall, corexii_hall_statues_t, corexii_hall_statues_l,
          corexii_hall_statues_i, grunt_ministairs_3, serial_bayou_ford_a,
          minmay_misc_feat_alley
D:5:      layout_basic, minmay_misc_feat_cross, corner_web_ring, uniq_ijyb
D:6:      layout_basic, mainiacjoe_overflow_brackets,
          minmay_temple_entry_glassed_door, cheibrodos_sewer_entry_sluice,
          nicolae_nh_oracle_at_delphi, uniq_blork_the_orc,
          uniq_crazy_yiuf_cottage, uniq_prince_ribbit1
D:7:      layout_basic, gammafunk_ghost_nasty_kobolds, serial_shops, shop,
          minmay_chambers_of_fives, uniq_maggie
D:8:      layout_cave_pools, ashenzari_conservatory_becter,
          grunt_lair_entry_orc_guard_hut, enter_bailey_4,
          guppyfry_early_elven_hall
D:9:      layout_basic
D:10:     layout_gridville, overflow_temple_1_default, david_orc_3,
          nicolae_concentric_dashed_squares_wild, grunt_ogre_cave
D:11:     layout_cave_pools
D:12:     layout_roguey, gauntlet_entry_generic, uniq_maurice
D:13:     layout_loops_corners, grunt_vaults_entry_tiered,
          maelrawn_ghost_gauntlet_escape, uniq_rupert
D:14:     layout_cave_pools, hangedman_decor_points, minmay_strange_pillars,
          hex_medium, uniq_nessos, uniq_lodul
D:15:     grunt_enter_depths_snipers, layout_basic,
          chequers_serial_rivers_micro_d, hangedman_decor_riveting, uniq_azrael
Temple:   nicolae_temple_no_exploring_needed
Lair:1:   layout_regular_city, serial_bayou_shore_a, infiniplex_staircase_pool_2
Lair:2:   layout_chaotic_city, grunt_megastairs_1
Lair:3:   dreamdust_labyrinth, layout_gridlike, minmay_shoals_entry_hut,
          nicolae_snake_entry_squirm, portal_ice_cave_entry_pillars_2,
          serial_bayou_shore_b
Lair:4:   beast_lair_carwin_large_2, layout_gridlike, slime_entry_1,
          ebering_ghost_funeral_grove, grunt_megastairs_2, lemuel_fruit_fields,
          uniq_snorg
Lair:5:   evilmike_catoblepas_cave, layout_cave_pods,
          chequers_serial_rivers_micro_a
Orc:1:    layout_caves, basic_altar, nicolae_orc_pool_cavern
Orc:2:    grunt_orc_community_town_hall, layout_caves,
          grunt_orc_community_big_house_2, grunt_orc_community_big_house_2,
          grunt_orc_community_house_2, grunt_orc_community_house_2,
          grunt_orc_community_house_2, grunt_orc_community_house_3,
          grunt_orc_community_house_1
Elf:1:    layout_geoelf_octagon, serial_shops, bzr_entry_dummy,
          minmay_elf_demonology, david_greed, uniq_jorgrun, uniq_roxanne

Skill      XL: |  1  2  3  4  5  6  7  8  9 10 11 12 13 14 15 16 |
---------------+-------------------------------------------------+-----
Conjurations   | 2 3 4 5 8 9 10 11 12 | 12.8
Translocations | 2 3 |  3.0
Spellcasting   | 4 5 8 9 10 11 12 13 | 13.2
Air Magic      | 2 8 9 10 11 12 | 12.3
Fighting       | 5 6 7 8 9 |  9.6
Evocations     | 3 5 7 8 9 10 | 10.0
Fire Magic     | 1 2 4 5 |  5.0
Dodging        | 3 4 5 6 7 8 |  8.4
Poison Magic   | 4 6 8 10 | 10.0
Staves         | 2 4 5 |  5.4
Necromancy     | 2 4 5 |  5.0
Stealth        | |  2.6
Summonings     | |  1.0

Action                     |  1- 3 |  4- 6 |  7- 9 | 10-12 | 13-15 | 16-18 || total
---------------------------+-------+-------+-------+-------+-------+-------++-------
  Melee: Dagger            |    33 |    85 |   156 |    96 |       |       ||   370
         Constrict         |     8 |    16 |    44 |    61 |    21 |     6 ||   156
         Tentacles         |     5 |    16 |    42 |    75 |    41 |    10 ||   189
         Punch             |       |       |     3 |     5 |     6 |       ||    14
         Staff             |       |       |       |   158 |   121 |    24 ||   303
   Cast: Magic Dart        |    12 |    25 |    80 |    18 |     7 |       ||   142
         Mephitic Cloud    |       |       |     9 |     7 |     3 |     2 ||    21
         Static Discharge  |       |       |       |   115 |     4 |       ||   119
         Airstrike         |       |       |       |   151 |   217 |    35 ||   403
         Blink             |       |       |       |     1 |       |     6 ||     7
         Olgreb's Toxic Ra |       |       |       |    26 |    40 |     9 ||    75
         Iskenderun's Batt |       |       |       |     2 |     5 |       ||     7
         Plasma Beam       |       |       |       |       |   118 |    28 ||   146
         Arcjolt           |       |       |       |       |    50 |    36 ||    86
         Freezing Cloud    |       |       |       |       |       |     2 ||     2
  Evoke: Wand              |       |       |       |     7 |     5 |     3 ||    15
    Use: Scroll            |       |       |     6 |     3 |     8 |    12 ||    29
         Potion            |       |       |     1 |     1 |       |     2 ||     4
   Stab: Sleeping          |     4 |     9 |     6 |     8 |     1 |       ||    28
         Confused          |       |       |       |     4 |       |       ||     4
 Armour: Skin              |     1 |     7 |    52 |    65 |    40 |    24 ||   189
  Dodge: Dodged            |    13 |    56 |   118 |   231 |   160 |    79 ||   657

Table legend: (Time is in decaauts)
 A = Elapsed time spent in this place.
 B = Non-inter-level travel time spent in this place.
 C = Inter-level travel time spent in this place.
 D = Time resting spent in this place.
 E = Time spent auto-exploring this place.
 F = Levels seen in this place.
 G = Mean time per level.
                   A        B        C        D        E       F      G
               +--------+--------+--------+--------+--------+-----+--------+
         Total |  27711 |  25976 |   1735 |   7591 |  12432 |  29 |  955.6 |
       Dungeon |  16414 |  15162 |   1252 |   3634 |   8413 |  15 | 1094.3 |
        Temple |     16 |     10 |      6 |      0 |      0 |   1 |   16.0 |
          Lair |   5978 |   5619 |    359 |   1582 |   2817 |   5 | 1195.6 |
  Orcish Mines |   2636 |   2519 |    117 |   1057 |    818 |   2 | 1318.0 |
   Elven Halls |    657 |    657 |      0 |    276 |    194 |   1 |  657.0 |
        Bazaar |     67 |     67 |      0 |      0 |     50 |   1 |   67.0 |
         Sewer |    113 |    113 |      0 |      0 |     71 |   1 |  113.0 |
        Bailey |    412 |    412 |      0 |    183 |      0 |   1 |  412.0 |
      Ice Cave |    822 |    822 |      0 |    570 |     30 |   1 |  822.0 |
      Gauntlet |    590 |    590 |      0 |    289 |     39 |   1 |  590.0 |
               +--------+--------+--------+--------+--------+-----+--------+

Top non-repeatable levels by time:
  Lair:5: 1799 daAuts
   Orc:2: 1723 daAuts
     D:6: 1568 daAuts
    D:13: 1537 daAuts
    D:10: 1357 daAuts
     D:7: 1346 daAuts
  Lair:3: 1250 daAuts
     D:1: 1201 daAuts
    D:15: 1173 daAuts
  Lair:1: 1114 daAuts
     D:5: 1113 daAuts
     D:9: 1107 daAuts
     D:8: 1074 daAuts
  Lair:4: 1070 daAuts
     D:3: 959 daAuts
